MLB
ATLANTA BRAVES @ ST. LOUIS CARDINALS
03/11/2048
 
TOP OF THE 1ST
Atlanta Braves batting - Pitching for St. Louis Cardinals : RHP Keith Anter
Pitching: RHP Keith Anter
Batting: RHB Jeckel Hester 0-0: Ball
1-0: Foul Ball, location: 2F
1-1: Foul Ball, location: 2F
1-2: TRIPLE (Line Drive, 89XD, EV 100.0 MPH)
Batting: RHB Kevin Howard 0-0: Ground out 6-3 (Groundball, 6M, EV 86.9 MPH)
Jeckel Hester scores
Batting: LHB Erik Gretzky 0-0: Ball
1-0: Foul Ball, location: 2F
1-1: Ball
2-1: Ground out 1-3 (Groundball, 13S, EV 73.1 MPH)
Batting: RHB Ike Trout 0-0: Ball
1-0: SINGLE (Groundball, 6MD, EV 110.0 MPH)
Batting: SHB Terry Tuckfard 0-0: Called Strike
0-1: Ball
1-1: Foul Ball, location: 2F
1-2: 2-RUN HOME RUN (Flyball, 9D, EV 95.0 MPH), Distance : 379 ft
Batting: LHB David Bramble 0-0: Ball
1-0: Ball
2-0: Swinging Strike
2-1: Ball
3-1: Called Strike
3-2: Strikes out looking
Top of the 1st over - 3 runs, 3 hits, 0 errors, 0 left on base; Atlanta 3 - St. Louis 0
BOTTOM OF THE 1ST
St. Louis Cardinals batting - Pitching for Atlanta Braves : RHP Jeremy Kasten
Pitching: RHP Jeremy Kasten
Batting: RHB Mike Bates 0-0: Ball
1-0: Called Strike
1-1: Foul Ball, location: 2F
1-2: Ground out U3 (Groundball, 3, EV 89.4 MPH)
Batting: LHB Pat Sutton 0-0: Foul Ball, location: 2F
0-1: Called Strike
0-2: Ball
1-2: Strikes out looking
Batting: SHB Harry Hoop 0-0: Swinging Strike
0-1: Ball
1-1: Swinging Strike
1-2: Foul Ball, location: 2F
1-2: Foul Ball, location: 2F
1-2: Ball
2-2: Foul Ball, location: 2F
2-2: Hit by Pitch
Batting: LHB Armando Carbajal 0-0: Called Strike
0-1: Called Strike
0-2: Foul Ball, location: 2F
0-2: Foul Ball, location: 2F
0-2: Strikes out looking
Bottom of the 1st over - 0 runs, 0 hits, 0 errors, 1 left on base; Atlanta 3 - St. Louis 0
TOP OF THE 2ND
Atlanta Braves batting - Pitching for St. Louis Cardinals : RHP Keith Anter
Batting: RHB J.J. Powers 0-0: Called Strike
0-1: Foul Ball, location: 2F
0-2: Foul Ball, location: 2F
0-2: Foul Ball, location: 2F
0-2: Ball
1-2: Foul Ball, location: 2F
1-2: Ground out 6-3 (Groundball, 6, EV 80.6 MPH)
Batting: RHB Liangde Li 0-0: Foul Ball, location: 2F
0-1: Foul Ball, location: 2F
0-2: Strikes out swinging
Batting: RHB Rich Stinson 0-0: Called Strike
0-1: Ball
1-1: Foul Ball, location: 2F
1-2: Strikes out swinging
Top of the 2nd over - 0 runs, 0 hits, 0 errors, 0 left on base; Atlanta 3 - St. Louis 0
BOTTOM OF THE 2ND
St. Louis Cardinals batting - Pitching for Atlanta Braves : RHP Jeremy Kasten
Batting: LHB Billy Guzman 0-0: Called Strike
0-1: Ball
1-1: Ball
2-1: Ball
3-1: Foul Ball, location: 2F
3-2: Ground out 5-3 (Groundball, 56, EV 80.6 MPH)
Batting: LHB Ichiro Toyota 0-0: Ball
1-0: Foul Ball, location: 2F
1-1: Ball
2-1: Ground out 4-3 (Groundball, 4, EV 86.2 MPH)
Batting: RHB Danny Gallo 0-0: Ball
1-0: Ball
2-0: Called Strike
2-1: Called Strike
2-2: Strikes out looking
Bottom of the 2nd over - 0 runs, 0 hits, 0 errors, 0 left on base; Atlanta 3 - St. Louis 0
TOP OF THE 3RD
Atlanta Braves batting - Pitching for St. Louis Cardinals : RHP Keith Anter
Batting: RHB Jeckel Hester 0-0: Swinging Strike
0-1: Fly out, F8 (Line Drive, 8LD, EV 88.1 MPH)
Batting: RHB Kevin Howard 0-0: Ball
1-0: Swinging Strike
1-1: Swinging Strike
1-2: Foul Ball, location: 2F
1-2: Foul Ball, location: 2F
1-2: Ball
2-2: Ball
3-2: Ground out 5-3 (Groundball, 5S, EV 94.4 MPH)
Batting: LHB Erik Gretzky 0-0: Ball
1-0: Ground out U3 (Groundball, 3, EV 81.9 MPH)
Top of the 3rd over - 0 runs, 0 hits, 0 errors, 0 left on base; Atlanta 3 - St. Louis 0
BOTTOM OF THE 3RD
St. Louis Cardinals batting - Pitching for Atlanta Braves : RHP Jeremy Kasten
Batting: RHB Klaas Meij 0-0: Foul Ball, location: 2F
0-1: Ball
1-1: Swinging Strike
1-2: Ball
2-2: Ball
3-2: Fly out, F9 (Flyball, 89D, EV 96.9 MPH)
Batting: SHB Luke Robbins 0-0: Foul Ball, location: 2F
0-1: Foul Ball, location: 2F
0-2: Strikes out swinging
Batting: RHB Mike Bates 0-0: Called Strike
0-1: Ground out 6-3 (Groundball, 6MS, EV 57.5 MPH)
Bottom of the 3rd over - 0 runs, 0 hits, 0 errors, 0 left on base; Atlanta 3 - St. Louis 0
TOP OF THE 4TH
Atlanta Braves batting - Pitching for St. Louis Cardinals : RHP Keith Anter
Pitching: RHP Gareth Haigh
Batting: RHB Ike Trout 0-0: Swinging Strike
0-1: Foul Ball, location: 2F
0-2: Ball
1-2: Ball
2-2: SINGLE (Groundball, 34D, EV 99.4 MPH)
Batting: SHB Terry Tuckfard 0-0: Called Strike
0-1: Foul Ball, location: 2F
0-2: Ball
1-2: Ball
Ike Trout is caught stealing 2nd base 2-6
2-2: SOLO HOME RUN (Line Drive, 9LD, EV 95.0 MPH), Distance : 350 ft
Batting: LHB David Bramble 0-0: Ball
1-0: Ball
2-0: Ball
3-0: Called Strike
3-1: Base on Balls
Batting: RHB J.J. Powers 0-0: Foul Ball, location: 2F
0-1: Foul Ball, location: 2F
0-2: Ball
1-2: Ball
2-2: Ball
3-2: Foul Ball, location: 2F
3-2: Foul Ball, location: 2F
3-2: Fly out, F8 (Line Drive, 8RD, EV 105.6 MPH)
Batting: RHB Liangde Li 0-0: Called Strike
0-1: Ball
1-1: Ball
2-1: Fly out, F8 (Flyball, 8LD, EV 98.1 MPH)
Top of the 4th over - 1 run, 2 hits, 0 errors, 1 left on base; Atlanta 4 - St. Louis 0
BOTTOM OF THE 4TH
St. Louis Cardinals batting - Pitching for Atlanta Braves : RHP Jeremy Kasten
Pitching: RHP Greg Hart
Batting: LHB Pat Sutton 0-0: Ball
1-0: Called Strike
1-1: Ball
2-1: Fly out, F7 (Flyball, 7D, EV 93.1 MPH)
Batting: SHB Harry Hoop 0-0: Ball
1-0: Called Strike
1-1: SINGLE (Groundball, 6MD, EV 108.1 MPH) (infield hit)
Batting: LHB Armando Carbajal 0-0: Ball
1-0: Ball
2-0: Foul Ball, location: 2F
2-1: Grounds into double play, 4-6-3 (Groundball, 4, EV 105.6 MPH)
Bottom of the 4th over - 0 runs, 1 hit, 0 errors, 0 left on base; Atlanta 4 - St. Louis 0
TOP OF THE 5TH
Atlanta Braves batting - Pitching for St. Louis Cardinals : RHP Gareth Haigh
Now at C: Kalidas Mishra
Batting: RHB Rich Stinson 0-0: Ball
1-0: Ball
2-0: Ground out 6-3 (Groundball, 6, EV 110.0 MPH)
Pinch Hitting: RHB Xavier Davis 0-0: Ball
1-0: Fly out, F5 (Line Drive, 56, EV 60.6 MPH)
Batting: RHB Kevin Howard 0-0: Foul Ball, location: 2F
0-1: Foul Ball, location: 2F
0-2: Foul Ball, location: 2F
0-2: Strikes out swinging
Top of the 5th over - 0 runs, 0 hits, 0 errors, 0 left on base; Atlanta 4 - St. Louis 0
BOTTOM OF THE 5TH
St. Louis Cardinals batting - Pitching for Atlanta Braves : RHP Greg Hart
Pitching: RHP Brendan Graham
Now at 1B: John Peterson
Now at 2B: Alex Munoz
Now at 3B: Tade Post
Now at SS: Xavier Davis
Now in LF: Erik Coleman
Batting: LHB Billy Guzman 0-0: Ball
1-0: Ball
2-0: Ball
3-0: Called Strike
3-1: Called Strike
3-2: DOUBLE (Line Drive, 89XD, EV 98.8 MPH)
Batting: LHB Ichiro Toyota 0-0: Ball
1-0: Ball
2-0: Ball
3-0: Called Strike
3-1: Called Strike
3-2: Fly out, F7 (Flyball, 7D, EV 94.4 MPH)
Batting: RHB Danny Gallo 0-0: Ball
1-0: Called Strike
1-1: Ball
2-1: Ball
3-1: Called Strike
3-2: SINGLE (Line Drive, 34D, EV 105.6 MPH)
Billy Guzman to third
Batting: RHB Klaas Meij 0-0: Fly out, F9 (Flyball, 89M, EV 98.8 MPH)
Batting: SHB Luke Robbins 0-0: Called Strike
0-1: Foul Ball, location: 2F
0-2: Strikes out swinging
Bottom of the 5th over - 0 runs, 2 hits, 0 errors, 2 left on base; Atlanta 4 - St. Louis 0
TOP OF THE 6TH
Atlanta Braves batting - Pitching for St. Louis Cardinals : RHP Gareth Haigh
Pitching: RHP Rafael Montano
Pinch Hitting: RHB Jared Speck 0-0: Ball
1-0: Called Strike
1-1: Foul Ball, location: 2F
1-2: Ball
2-2: SOLO HOME RUN (Flyball, 89XD, EV 102.5 MPH), Distance : 413 ft
Batting: RHB Erik Coleman 0-0: Swinging Strike
0-1: Ball
1-1: Foul Ball, location: 2F
1-2: Strikes out looking
Batting: SHB Terry Tuckfard 0-0: Ball
1-0: Ball
2-0: Ball
3-0: Base on Balls
Batting: LHB Darryl Gonnella 0-0: Called Strike
0-1: Ball
1-1: SINGLE (Groundball, 6M, EV 104.4 MPH) (infield hit)
Terry Tuckfard to second
Batting: RHB Tade Post 0-0: Ball
1-0: Called Strike
1-1: Ball
2-1: Ball
3-1: SINGLE (Groundball, 4, EV 97.5 MPH)
Terry Tuckfard to third
Darryl Gonnella to second
Runner from 3rd tries for Home, SAFE, throw by RF to home
Batting: RHB Liangde Li 0-0: Called Strike
0-1: Foul Ball, location: 2F
0-2: Strikes out swinging
Batting: RHB Alex Munoz 0-0: Ball
1-0: Swinging Strike
1-1: Ball
2-1: Foul Ball, location: 2F
2-2: Ball
3-2: Strikes out swinging
Top of the 6th over - 2 runs, 3 hits, 0 errors, 2 left on base; Atlanta 6 - St. Louis 0
BOTTOM OF THE 6TH
St. Louis Cardinals batting - Pitching for Atlanta Braves : RHP Brendan Graham
Pitching: RHP Troy Hutch
Now in RF: Jared Speck
Pinch Hitting: SHB Chris Blue 0-0: Swinging Strike
0-1: Foul Ball, location: 2F
0-2: Foul Ball, location: 2F
0-2: Foul Ball, location: 2F
0-2: Ball
1-2: Foul Ball, location: 2F
1-2: Strikes out looking
Pinch Hitting: RHB Fabrice Bertin 0-0: Ball
1-0: Foul Ball, location: 2F
1-1: Ball
2-1: Called Strike
2-2: Ground out 4-3 (Groundball, 34, EV 92.5 MPH)
Batting: RHB Kalidas Mishra 0-0: Ball
1-0: Fly out, F8 (Flyball, 8LD, EV 91.2 MPH)
Bottom of the 6th over - 0 runs, 0 hits, 0 errors, 0 left on base; Atlanta 6 - St. Louis 0
TOP OF THE 7TH
Atlanta Braves batting - Pitching for St. Louis Cardinals : RHP Rafael Montano
Now at 3B: Chris Blue
Now in LF: Fabrice Bertin
Batting: RHB Xavier Davis 0-0: Ball
1-0: Ground out 6-3 (Groundball, 6M, EV 102.5 MPH)
Batting: RHB John Peterson 0-0: Foul Ball, location: 2F
0-1: Foul Ball, location: 2F
0-2: Hit by Pitch
Batting: RHB Jared Speck 0-0: TRIPLE (Flyball, 7LD, EV 108.1 MPH)
John Peterson scores
Batting: RHB Erik Coleman 0-0: Called Strike
0-1: Called Strike
0-2: Ball
1-2: Ball
2-2: SINGLE (Line Drive, 78S, EV 94.4 MPH)
Jared Speck scores
Pitching: LHP Ed Gates
Batting: SHB Terry Tuckfard 0-0: Ball
1-0: Foul Ball, location: 2F
1-1: Called Strike
1-2: Ball
2-2: Ball
3-2: Foul Ball, location: 2F
3-2: Base on Balls
Erik Coleman to second
Batting: LHB Darryl Gonnella 0-0: Called Strike
0-1: Foul Ball, location: 2F
0-2: Fly out, F7 (Line Drive, 78M, EV 109.4 MPH)
Batting: RHB Tade Post 0-0: Called Strike
0-1: SINGLE (Groundball, 56D, EV 105.6 MPH)
Erik Coleman to third
Terry Tuckfard to second
Runner from 3rd tries for Home, SAFE, throw by LF to home
Batting: RHB Liangde Li 0-0: Called Strike
0-1: Swinging Strike
0-2: Ball
1-2: Ball
2-2: Ball
3-2: Base on Balls
Terry Tuckfard to third
Tade Post to second
Batting: RHB Alex Munoz 0-0: Ball
1-0: Swinging Strike
1-1: Ball
2-1: Ball
3-1: Base on Balls
Terry Tuckfard scores
Tade Post to third
Liangde Li to second
Batting: RHB Xavier Davis 0-0: Called Strike
0-1: Ball
1-1: Ball
2-1: Called Strike
2-2: Fly out, F7 (Flyball, 7, EV 89.4 MPH)
Top of the 7th over - 4 runs, 3 hits, 0 errors, 3 left on base; Atlanta 10 - St. Louis 0
BOTTOM OF THE 7TH
St. Louis Cardinals batting - Pitching for Atlanta Braves : RHP Troy Hutch
Pitching: RHP Omar Orosco
Now in LF: Luis Magdaleno
Pinch Hitting: RHB Joe Alley 0-0: Called Strike
0-1: Foul Ball, location: 2F
0-2: Foul Ball, location: 2F
0-2: Foul Ball, location: 2F
0-2: Ground out 4-3 (Groundball, 4, EV 81.9 MPH)
Batting: SHB Antoine Roux 0-0: SINGLE (Line Drive, 6MD, EV 107.5 MPH)
Pinch Hitting: RHB Melvin Enriquez 0-0: Called Strike
0-1: Ball
Antoine Roux steals 2nd base (no throw)
1-1: Swinging Strike
1-2: Strikes out swinging
Pinch Hitting: RHB Tommy Boudreaux 0-0: Ball
1-0: Ball
2-0: Called Strike
2-1: Called Strike
2-2: Ball
3-2: Foul Ball, location: 2F
3-2: Base on Balls
Pinch Hitting: SHB Jason Kirby 0-0: Ball
1-0: Called Strike
1-1: Fly out, F5 (Popup, 25, EV 91.9 MPH)
Bottom of the 7th over - 0 runs, 1 hit, 0 errors, 2 left on base; Atlanta 10 - St. Louis 0
TOP OF THE 8TH
Atlanta Braves batting - Pitching for St. Louis Cardinals : LHP Ed Gates
Pitching: RHP Danny Romero
Now at 1B: Joe Alley
Now at SS: Jason Kirby
Now in LF: Tommy Boudreaux
Now in CF: Fabrice Bertin
Now in RF: Melvin Enriquez
Batting: RHB John Peterson 0-0: Fly out, F9 (Line Drive, 9D, EV 95.0 MPH)
Batting: RHB Jared Speck 0-0: Ball
1-0: Ball
2-0: Ground out 4-3 (Groundball, 4, EV 84.4 MPH)
Batting: LHB Luis Magdaleno 0-0: Ball
1-0: Foul Ball, location: 2F
1-1: Fly out, F4 (Line Drive, 4M, EV 75.6 MPH)
Top of the 8th over - 0 runs, 0 hits, 0 errors, 0 left on base; Atlanta 10 - St. Louis 0
BOTTOM OF THE 8TH
St. Louis Cardinals batting - Pitching for Atlanta Braves : RHP Omar Orosco
Pinch Hitting: RHB Tyler Walker 0-0: Called Strike
0-1: Ball
1-1: Ball
2-1: Foul Ball, location: 2F
2-2: Foul Ball, location: 2F
2-2: Ground out 5-3 (Groundball, 56, EV 101.9 MPH)
Batting: SHB Chris Blue 0-0: Called Strike
0-1: Ground out 4-3 (Groundball, 4, EV 87.5 MPH)
Batting: RHB Fabrice Bertin 0-0: Ball
1-0: Ball
2-0: Called Strike
2-1: Fly out, F8 (Flyball, 8RD, EV 105.0 MPH)
Bottom of the 8th over - 0 runs, 0 hits, 0 errors, 0 left on base; Atlanta 10 - St. Louis 0
TOP OF THE 9TH
Atlanta Braves batting - Pitching for St. Louis Cardinals : RHP Danny Romero
Pitching: LHP Tsugunosuke Murakami
Now at 2B: Tyler Walker
Batting: SHB Terry Tuckfard 0-0: Called Strike
0-1: Swinging Strike
0-2: Ball
1-2: Foul Ball, location: 2F
1-2: Strikes out looking
Batting: LHB Darryl Gonnella 0-0: Called Strike
0-1: Fly out, F8 (Flyball, 8LD, EV 95.6 MPH)
Batting: RHB Tade Post 0-0: Ball
1-0: Ball
2-0: Called Strike
2-1: Foul Ball, location: 2F
2-2: Ball
3-2: Foul Ball, location: 2F
3-2: Strikes out swinging
Top of the 9th over - 0 runs, 0 hits, 0 errors, 0 left on base; Atlanta 10 - St. Louis 0
BOTTOM OF THE 9TH
St. Louis Cardinals batting - Pitching for Atlanta Braves : RHP Omar Orosco
Pitching: RHP Doug Seliger
Batting: RHB Kalidas Mishra 0-0: Called Strike
0-1: Ball
1-1: Ball
2-1: Swinging Strike
2-2: Foul Ball, location: 2F
2-2: Strikes out swinging
Batting: RHB Joe Alley 0-0: Fly out, F9 (Flyball, 9S, EV 87.5 MPH)
Batting: SHB Antoine Roux 0-0: Ball
1-0: Swinging Strike
1-1: Ball
2-1: Ball
3-1: Foul Ball, location: 2F
3-2: Base on Balls
Batting: RHB Melvin Enriquez 0-0: Ball
1-0: Ball
2-0: Foul Ball, location: 2F
2-1: Foul Ball, location: 2F
2-2: SINGLE (Flyball, 78S, EV 96.9 MPH)
Antoine Roux to second
Batting: RHB Tommy Boudreaux 0-0: SINGLE (Line Drive, 89S, EV 104.4 MPH)
Antoine Roux to third
Melvin Enriquez to second
Batting: SHB Jason Kirby 0-0: Called Strike
0-1: Ball
1-1: Ball
2-1: Ground out 3-1 (Groundball, 34, EV 87.5 MPH)
Bottom of the 9th over - 0 runs, 2 hits, 0 errors, 3 left on base; Atlanta 10 - St. Louis 0
Tuesday, March 28th , 2023 - OOTP Baseball 23.10 Build 110